 Dungeon Crawl Stone Soup version 0.31-a0-188-g5e087ee2ca (webtiles) character file.

Game seed: 9096486295592407575

4572 qw the Markself (level 10, -2/57 HPs)
             Began as a Deep Elf Hunter on June 23, 2023.
             Was a Believer of Okawaru.
             Shot with an arrow by a centaur (3 damage)
             ... on level 9 of the Dungeon.
             The game lasted 00:03:45 (7307 turns).

qw the Markself (Deep Elf Hunter)                   Turns: 7307, Time: 00:03:46

Health: -2/57      AC: 17    Str: 12    XL:     10   Next: 18%
Magic:  14/15      EV: 17    Int: 15    God:    Okawaru [**....]
Gold:   310        SH:  0    Dex: 18    Spells: 9/9 levels left

rFire   . . .        j - +1 orcbow
rCold   + . .        (shield currently unavailable)
rNeg    . . .        c - +4 ring mail "Mier" {*Corrode +Inv Fly rC+}
rPois   .            g - +0 helmet
rElec   .            (no cloak)
rCorr   .            a - +0 pair of gloves
SInv    .            (no boots)
Will    +....        d - amulet of regeneration
Stlth   +++          h - +4 ring of protection
HPRegen 1.09/turn    (no ring)
MPRegen 0.14/turn

%: corrode self (3%)
@: lethally poisoned (-2 -> -9), about to teleport, heroic, flying
A: no striking features
a: Renounce Religion, Evoke Invisibility, Heroism


You were on level 9 of the Dungeon.
You worshipped Okawaru.
Okawaru was pleased with you.
You visited 1 branch of the dungeon, and saw 9 of its levels.

You collected 591 gold pieces.
You spent 281 gold pieces at shops.


   Skills:
 + Level 4.2(9.2) Fighting
 - Level 16.0(21.0) Ranged Weapons
 - Level 2.2(7.2) Armour
 - Level 7.0(12.0) Dodging
 - Level 1.2(6.2) Stealth
 - Level 4.2 Invocations


You had 9 spell levels left.
You didn't know any spells.
Your spell library was empty.

Inventory:

Hand Weapons
 j - a +1 orcbow (weapon)
Armour
 a - a +0 pair of gloves (worn)
 c - the +4 ring mail "Mier" (worn) {*Corrode +Inv Fly rC+}
   (You took it off an orc on level 3 of the Dungeon)

   rC:        It protects you from cold.
   +Inv:      It lets you turn invisible.
   Fly:       It grants you flight.
   *Corrode:  It may corrode you when you take damage.
 g - a +0 helmet (worn)
 m - +0 acid dragon scales
Jewellery
 d - an amulet of regeneration (around neck)
 h - a +4 ring of protection (left hand)
Scrolls
 b - 3 scrolls of identify
 e - a scroll of teleportation
Potions
 f - a potion of curing
 i - a potion of haste
 k - a potion of heal wounds
 l - a potion of might
 n - a potion of mutation

Dungeon Overview and Level Annotations

Branches:
Dungeon (9/15)             Temple (0/1) D:4
   Lair: D:8-11         Orc: D:9-12

Altars:
Ashenzari
Cheibriados
Elyvilon
Gozag
Kikubaaqudgha
Okawaru
Qazlal
Ru
Trog
Uskayaw
Xom
Yredelemnul

Shops:
D:2 ((?   D:4 ?   D:5 *

Annotations:
D:2 2 transporters
D:4 2 transporters, qw's ghost, amateur DEHu


Message History

Deactivating autopickup; reactivate with Ctrl-A.
The gnoll barely misses you.
The centaur wields a +0 orcbow.
The centaur shoots an arrow.
The arrow barely misses you.
The arrow completely misses the killer bee.
The killer bee closely misses you. The killer bee barely misses you.
The killer bee closely misses you. The gnoll sergeant barely misses you.
You hear a shout!
You shoot an arrow.
The arrow hits the gnoll but does no damage.
You feel sick.
You are no longer poisoned.
The killer bee closely misses you. The killer bee misses you. x2
The gnoll barely misses you. The gnoll misses you.
The centaur shoots an arrow.
The arrow misses you.
The arrow barely misses the killer bee.
You shoot an arrow. The arrow hits the gnoll.
The gnoll is lightly wounded.
The killer bee stings you!
You are poisoned.
The killer bee poisons you! The killer bee misses you.
The killer bee completely misses you.
A centaur comes into view.
The centaur shoots an arrow.
The arrow barely misses you.
The arrow hits the killer bee!
The killer bee barely misses you. The killer bee closely misses you.
The killer bee barely misses you.
A gnoll sergeant comes into view. It is wielding a +0 spear.
The gnoll sergeant hits you from afar with a +0 heavy spear!
The gnoll closely misses you. The gnoll misses you.
7307 ||| READING 2 scrolls of teleportation.
As you read the scroll of teleportation, it crumbles to dust.
You feel strangely unstable.
You feel very sick. The killer bee closely misses you.
The killer bee stings you!
You are lethally poisoned!
The killer bee poisons you! The killer bee misses you.
The centaur shoots an arrow.
The arrow hits you.
The killer bee barely misses you. x2; The killer bee misses you.
The gnoll misses you.
A gnoll comes into view. It is wielding a +0 spear.
The centaur shoots an arrow.
The arrow hits you.
You die...

~~~~~~~~~...g
~~~~~~~~~~... .
.....).....)# ..
..........g.#D..
...c.....o....##
#.....o.gg....$
#..cyogo.....
#....@yzz#
##..<.y#.....
##..........
#.........#
...........
...........#
...>....#....
##...#...#....
###. #### ..


You could see a steam dragon, an orc warrior, a gnoll sergeant, 2 centaurs, 3
killer bees, 2 wights, an orc priest, 4 gnolls and 2 orcs.

Vanquished Creatures
  3 wyverns
  An acid dragon (D:8)
  A water moccasin (D:5)
  An ice beast (D:8)
  2 orc warriors
  2 sky beasts
  5 ogres
  3 centaurs
  2 phantoms
  3 bullfrogs
  A kobold brigand (D:8)
  A gnoll sergeant (D:7)
  4 scorpions
  9 wights
  9 killer bees
  A howler monkey (D:5)
  3 vampire bats (D:3)
  2 jellies
  4 orc priests
  8 hounds
  An iron imp (D:5)
  8 iguanas
  5 orc wizards
  8 adders
  12 gnolls
  2 white imps
  An ufetubus (D:5)
  3 worms
  4 dart slugs
  18 orcs
  3 bat skeletons (D:3)
  A bat zombie (D:3)
  3 endoplasms
  3 giant cockroaches
  6 goblins
  3 hobgoblins
  4 jackals
  14 kobolds
  4 quokkas
  5 ball pythons
  3 bats
  3 frilled lizards
  5 rats
184 creatures vanquished.

Notes
Turn   | Place    | Note
-------+----------+-------------------------------------------
     0 | D:1      | qw the Deep Elf Hunter began the quest for the Orb.
     0 | D:1      | Reached XP level 1. HP: 12/12 MP: 3/3
     0 | D:1      | 0 ||| qw: Version: 0.3-a-9-g12657ce
     0 | D:1      | 0 ||| qw: Game counter: 3637
     0 | D:1      | 0 ||| qw: Always use a shield: true
     0 | D:1      | 0 ||| qw: God list: Okawaru
     0 | D:1      | 0 ||| qw: Allow faded altars: false
     0 | D:1      | 0 ||| qw: Do Orc after D:15 true
     0 | D:1      | 0 ||| qw: Do second Lair branch before Depths: true
     0 | D:1      | 0 ||| qw: Lair rune preference: random
     0 | D:1      | 0 ||| qw: Plans: Normal
     0 | D:1      | 0 ||| PLANNING D:1-11
   368 | D:1      | Reached XP level 2. HP: 16/16 MP: 4/4
   412 | D:1      | Reached skill level 6 in Ranged Weapons
   792 | D:1      | 792 ||| UPGRADING to +0 ring mail.
   802 | D:1      | 802 ||| DROPPING +0 leather armour.
   803 | D:1      | 803 ||| READING scroll labelled LATHRO HYMINU.
   804 | D:1      | 804 ||| READING scroll labelled QUSIGE PEORARPH.
   805 | D:1      | 805 ||| DRINKING 2 inky potions.
   840 | D:1      | 840 ||| DROPPING scroll of butterflies.
   841 | D:1      | 841 ||| DROPPING potion of lignification.
   878 | D:2      | 878 ||| Stepping ~*~*~tactically~*~*~ (outnumbered).
   883 | D:2      | 883 ||| STAIRDANCE
   997 | D:2      | Found a transporter.
   997 | D:2      | Found Eciugg's Weapon Emporium.
  1065 | D:2      | Reached XP level 3. HP: 17/20 MP: 5/5
  1139 | D:2      | Found Plog's Antique Weapon Shoppe.
  1143 | D:2      | Reached skill level 7 in Ranged Weapons
  1149 | D:2      | 1149 ||| FLEEEEING.
  1186 | D:2      | 1186 ||| READING scroll labelled APHYCO CE QAA.
  1365 | D:2      | Found Puocleps's Magic Scroll Shop.
  1368 | D:2      | 1368 ||| BUYING scroll of enchant armour (82 gold).
  1368 | D:2      | Bought a scroll of enchant armour for 82 gold pieces
  1368 | D:2      | 1368 ||| BUYING scroll of identify (22 gold).
  1368 | D:2      | Bought a scroll of identify for 22 gold pieces
  1368 | D:2      | 1368 ||| SHOPLISTING scroll of identify (22 gold, have 2).
  1368 | D:2      | 1368 ||| SHOPLISTING scroll of teleportation (33 gold, have
                  | 2).
  1368 | D:2      | 1368 ||| READING scroll of enchant armour.
  1368 | D:2      | 1368 ||| ENCHANTING +0 ring mail.
  1519 | D:2      | Found a transporter.
  1596 | D:2      | 1596 ||| READING 2 scrolls of identify.
  1596 | D:2      | 1596 ||| IDENTIFYING green potion
  1597 | D:2      | 1597 ||| DROPPING potion of invisibility.
  1629 | D:3      | Found a faded altar of an unknown god.
  1635 | D:3      | Found an opulent altar of Gozag.
  1760 | D:3      | 1760 ||| Stepping ~*~*~tactically~*~*~ (outnumbered).
  1768 | D:3      | Reached XP level 4. HP: 15/25 MP: 6/6
  1894 | D:3      | 1894 ||| UPGRADING to +0 pair of gloves.
  1899 | D:3      | 1899 ||| READING scroll labelled JUUCUCHU VEG.
  1900 | D:3      | 1900 ||| READING scroll labelled FIUNGO CUPAA.
  1901 | D:3      | 1901 ||| READING 2 scrolls of identify.
  1901 | D:3      | 1901 ||| IDENTIFYING viscous silvery potion
  1903 | D:3      | 1903 ||| Stepping ~*~*~tactically~*~*~ (cloud).
  1915 | D:3      | Identified the +4 ring mail "Mier" {*Corrode +Inv Fly rC+}
  1916 | D:3      | 1916 ||| FLEEEEING.
  1919 | D:3      | 1919 ||| FLEEEEING.
  1920 | D:3      | 1920 ||| FLEEEEING.
  1921 | D:3      | 1921 ||| FLEEEEING.
  1922 | D:3      | 1922 ||| FLEEEEING.
  1923 | D:3      | 1923 ||| FLEEEEING.
  1927 | D:3      | 1927 ||| FLEEEEING.
  1930 | D:3      | 1930 ||| FLEEEEING.
  1931 | D:3      | 1931 ||| FLEEEEING.
  1932 | D:3      | 1932 ||| FLEEEEING.
  1933 | D:3      | 1933 ||| FLEEEEING.
  1934 | D:3      | 1934 ||| FLEEEEING.
  1935 | D:3      | 1935 ||| FLEEEEING.
  1936 | D:3      | 1936 ||| FLEEEEING.
  1937 | D:3      | 1937 ||| FLEEEEING.
  1938 | D:3      | 1938 ||| FLEEEEING.
  1939 | D:3      | 1939 ||| FLEEEEING.
  1940 | D:3      | 1940 ||| FLEEEEING.
  1941 | D:3      | 1941 ||| FLEEEEING.
  1942 | D:3      | 1942 ||| FLEEEEING.
  1945 | D:3      | 1945 ||| FLEEEEING.
  1946 | D:3      | 1946 ||| FLEEEEING.
  1947 | D:3      | 1947 ||| FLEEEEING.
  1948 | D:3      | 1948 ||| FLEEEEING.
  1949 | D:3      | 1949 ||| FLEEEEING.
  1950 | D:3      | 1950 ||| FLEEEEING.
  1951 | D:3      | 1951 ||| FLEEEEING.
  1952 | D:3      | 1952 ||| STAIRDANCE
  2014 | D:3      | Found a hide-covered altar of Uskayaw.
  2024 | D:3      | Found a faded altar of an unknown god.
  2230 | D:3      | Found an ancient bone altar of Kikubaaqudgha.
  2237 | D:3      | Reached skill level 8 in Ranged Weapons
  2242 | D:3      | Reached XP level 5. HP: 20/29 MP: 7/7
  2283 | D:3      | Reached skill level 9 in Ranged Weapons
  2438 | D:3      | 2438 ||| UPGRADING to +4 ring mail "Mier" {*Corrode +Inv
                  | Fly rC+}.
  2448 | D:3      | 2448 ||| DROPPING +1 ring mail.
  2450 | D:3      | 2450 ||| UPGRADING to amulet of regeneration.
  2471 | D:3      | 2471 ||| DROPPING +0 heavy sling.
  2660 | D:4      | Noticed a phantom
  2661 | D:4      | 2661 ||| FLEEEEING.
  2662 | D:4      | 2662 ||| FLEEEEING.
  2663 | D:4      | 2663 ||| FLEEEEING.
  2664 | D:4      | 2664 ||| FLEEEEING.
  2665 | D:4      | 2665 ||| FLEEEEING.
  2666 | D:4      | 2666 ||| FLEEEEING.
  2667 | D:4      | 2667 ||| FLEEEEING.
  2668 | D:4      | 2668 ||| FLEEEEING.
  2669 | D:4      | 2669 ||| FLEEEEING.
  2670 | D:4      | 2670 ||| FLEEEEING.
  2671 | D:4      | 2671 ||| FLEEEEING.
  2672 | D:4      | 2672 ||| FLEEEEING.
  2673 | D:4      | 2673 ||| FLEEEEING.
  2674 | D:4      | 2674 ||| FLEEEEING.
  2675 | D:4      | 2675 ||| FLEEEEING.
  2686 | D:4      | 2686 ||| FLEEEEING.
  2691 | D:4      | 2691 ||| FLEEEEING.
  2692 | D:4      | 2692 ||| FLEEEEING.
  2693 | D:4      | 2693 ||| FLEEEEING.
  2694 | D:4      | 2694 ||| FLEEEEING.
  2695 | D:4      | 2695 ||| FLEEEEING.
  2696 | D:4      | 2696 ||| FLEEEEING.
  2697 | D:4      | 2697 ||| FLEEEEING.
  2698 | D:4      | 2698 ||| FLEEEEING.
  2699 | D:4      | 2699 ||| FLEEEEING.
  2700 | D:4      | 2700 ||| FLEEEEING.
  2702 | D:4      | 2702 ||| FLEEEEING.
  2703 | D:4      | 2703 ||| STAIRDANCE
  2707 | D:4      | 2707 ||| STAIRDANCE
  2711 | D:4      | 2711 ||| STAIRDANCE
  2729 | D:3      | Killed a phantom
  2730 | D:3      | Reached XP level 6. HP: 34/36 MP: 8/8
  2735 | D:4      | 2735 ||| STAIRDANCE
  2739 | D:4      | 2739 ||| STAIRDANCE
  2743 | D:4      | 2743 ||| STAIRDANCE
  2747 | D:4      | 2747 ||| STAIRDANCE
  2751 | D:4      | 2751 ||| STAIRDANCE
  2755 | D:4      | 2755 ||| STAIRDANCE
  2759 | D:4      | 2759 ||| STAIRDANCE
  2763 | D:4      | 2763 ||| STAIRDANCE
  2767 | D:4      | 2767 ||| STAIRDANCE
  2771 | D:4      | 2771 ||| STAIRDANCE
  2775 | D:4      | 2775 ||| STAIRDANCE
  2779 | D:4      | 2779 ||| STAIRDANCE
  2783 | D:4      | 2783 ||| STAIRDANCE
  2787 | D:4      | 2787 ||| STAIRDANCE
  2791 | D:4      | 2791 ||| STAIRDANCE
  2795 | D:4      | 2795 ||| STAIRDANCE
  2799 | D:4      | 2799 ||| STAIRDANCE
  2847 | D:4      | 2847 ||| FLEEEEING.
  2851 | D:3      | 2851 ||| Stepping randomly (stuck).
  2945 | D:4      | Found an iron altar of Okawaru.
  2946 | D:4      | 2946 ||| PLANNING OKAWARU WORSHIP
  2946 | D:4      | 2946 ||| READING scroll labelled EGEXZA QIGIE.
  2954 | D:4      | Became a worshipper of Warmaster Okawaru
  2955 | D:4      | 2955 ||| PLANNING D:1-11
  3002 | D:4      | Reached skill level 10 in Ranged Weapons
  3050 | D:4      | Found Ecwiker's Magic Scroll Boutique.
  3060 | D:4      | 3060 ||| BUYING 2 scrolls of identify (52 gold).
  3060 | D:4      | Bought 2 scrolls of identify for 52 gold pieces
  3060 | D:4      | 3060 ||| SHOPLISTING scroll of acquirement (676 gold, have
                  | 159).
  3060 | D:4      | 3060 ||| BUYING scroll of identify (26 gold).
  3060 | D:4      | Bought a scroll of identify for 26 gold pieces
  3060 | D:4      | 3060 ||| BUYING scroll of teleportation (39 gold).
  3060 | D:4      | Bought a scroll of teleportation for 39 gold pieces
  3147 | D:4      | Found a basalt altar of Yredelemnul.
  3166 | D:4      | Found a staircase to the Ecumenical Temple.
  3271 | D:4      | Reached skill level 3 in Dodging
  3271 | D:4      | Reached XP level 7. HP: 20/40 MP: 9/9
  3499 | D:4      | Found a transporter.
  3499 | D:4      | Noticed qw's ghost (amateur DEHu)
  3500 | D:4      | Found a transporter.
  3504 | D:4      | Identified the +10 great mace "Eviscerator" {freeze, rF+
                  | rCorr Str-2 Dex+2}
  3691 | D:4      | Reached skill level 1 in Armour
  3714 | D:4      | 3714 ||| UPGRADING to +4 ring of protection.
  3715 | D:4      | 3715 ||| READING scroll labelled CUMATEADOCK.
  3716 | D:4      | 3716 ||| READING 5 scrolls of identify.
  3716 | D:4      | 3716 ||| IDENTIFYING puce potion
  3741 | D:5      | Entered Level 5 of the Dungeon
  3899 | D:5      | Reached * piety under Okawaru
  3900 | D:5      | 3900 ||| INVOKING Heroism.
  3901 | D:5      | 3901 ||| INVOKING Heroism.
  3909 | D:5      | Reached skill level 11 in Ranged Weapons
  3909 | D:5      | Reached skill level 1 in Invocations
  3949 | D:5      | 3949 ||| DRINKING potion of curing.
  3949 | D:5      | 3949 ||| (to cure confusion)
  4073 | D:5      | Reached skill level 3 in Invocations
  4073 | D:5      | Reached XP level 8. HP: 35/45 MP: 10/12
  4176 | D:5      | Found a sacrificial altar of Ru.
  4225 | D:5      | 4225 ||| INVOKING Heroism.
  4267 | D:5      | 4267 ||| Stepping ~*~*~tactically~*~*~ (outnumbered).
  4343 | D:5      | Reached skill level 12 in Ranged Weapons
  4574 | D:5      | 4574 ||| INVOKING Heroism.
  4710 | D:5      | 4710 ||| DROPPING amulet of guardian spirit.
  4711 | D:5      | 4711 ||| READING scroll labelled BUGUDO SOET.
  4712 | D:5      | 4712 ||| READING 4 scrolls of identify.
  4712 | D:5      | 4712 ||| IDENTIFYING bubbling black potion
  4713 | D:5      | 4713 ||| READING 3 scrolls of identify.
  4713 | D:5      | 4713 ||| IDENTIFYING fizzy yellow potion
  4714 | D:5      | 4714 ||| DROPPING potion of brilliance.
  4874 | D:5      | Reached skill level 3 in Fighting
  4929 | D:5      | Found a snail-covered altar of Cheibriados.
  4943 | D:5      | Found Hasa Juq's General Store.
  4949 | D:5      | 4949 ||| BUYING potion of curing (30 gold).
  4949 | D:5      | Bought a potion of curing for 30 gold pieces
  4949 | D:5      | 4949 ||| BUYING potion of curing (30 gold).
  4949 | D:5      | Bought a potion of curing for 30 gold pieces
  5109 | D:6      | 5109 ||| INVOKING Heroism.
  5201 | D:6      | Reached ** piety under Okawaru
  5207 | D:6      | 5207 ||| SWAPPING to +0 orcbow.
  5208 | D:6      | 5208 ||| DROPPING +1 shortbow.
  5336 | D:6      | 5336 ||| DRINKING 2 potions of curing.
  5336 | D:6      | 5336 ||| (to cure confusion)
  5337 | D:6      | 5337 ||| DRINKING potion of curing.
  5337 | D:6      | 5337 ||| (to cure confusion)
  5349 | D:6      | Reached skill level 13 in Ranged Weapons
  5425 | D:6      | 5425 ||| READING scroll of enchant weapon.
  5425 | D:6      | 5425 ||| ENCHANTING +0 orcbow.
  5897 | D:6      | Found a bloodstained altar of Trog.
  5898 | D:6      | 5898 ||| INVOKING Heroism.
  5907 | D:6      | Reached XP level 9. HP: 37/51 MP: 12/14
  5940 | D:6      | 5940 ||| FLEEEEING.
  5941 | D:6      | 5941 ||| FLEEEEING.
  5954 | D:6      | 5954 ||| UPGRADING to +0 helmet.
  6026 | D:7      | 6026 ||| INVOKING Heroism.
  6027 | D:7      | 6027 ||| Stepping ~*~*~tactically~*~*~ (outnumbered).
  6042 | D:7      | 6042 ||| Stepping ~*~*~tactically~*~*~ (outnumbered).
  6044 | D:7      | 6044 ||| Stepping ~*~*~tactically~*~*~ (outnumbered).
  6056 | D:7      | Reached skill level 14 in Ranged Weapons
  6059 | D:7      | 6059 ||| INVOKING Heroism.
  6153 | D:7      | 6153 ||| INVOKING Heroism.
  6197 | D:7      | 6197 ||| INVOKING Heroism.
  6355 | D:7      | 6355 ||| INVOKING Heroism.
  6358 | D:7      | Reached skill level 15 in Ranged Weapons
  6489 | D:7      | 6489 ||| READING 5 scrolls of identify.
  6489 | D:7      | 6489 ||| IDENTIFYING fuming black potion
  6514 | D:8      | 6514 ||| Stepping ~*~*~tactically~*~*~ (outnumbered).
  6581 | D:8      | 6581 ||| INVOKING Heroism.
  6612 | D:8      | 6612 ||| INVOKING Heroism.
  6627 | D:8      | 6627 ||| INVOKING Heroism.
  6634 | D:8      | Reached skill level 16 in Ranged Weapons
  6705 | D:8      | Reached XP level 10. HP: 47/55 MP: 15/15
  6806 | D:8      | Found a shimmering blue altar of Sif Muna.
  6808 | D:8      | Found a bloodstained altar of Trog.
  6808 | D:8      | Found an iron altar of Okawaru.
  6811 | D:8      | Found a white marble altar of Elyvilon.
  6811 | D:8      | Found an opulent altar of Gozag.
  6811 | D:8      | Found a shimmering altar of Xom.
  6870 | D:8      | Found a stormy altar of Qazlal.
  6965 | D:8      | 6965 ||| FLEEEEING.
  6966 | D:8      | 6966 ||| FLEEEEING.
  6967 | D:8      | 6967 ||| STAIRDANCE
  6973 | D:7      | 6973 ||| READING 5 scrolls of identify.
  6973 | D:7      | 6973 ||| IDENTIFYING viscous dark potion
  6974 | D:7      | 6974 ||| DROPPING potion of ambrosia.
  6978 | D:8      | 6978 ||| STAIRDANCE
  6998 | D:8      | 6998 ||| STAIRDANCE
  7018 | D:8      | Reached skill level 6 in Dodging
  7129 | D:8      | Found a broken altar of Ashenzari.
  7154 | D:8      | 7154 ||| READING 4 scrolls of identify.
  7154 | D:8      | 7154 ||| IDENTIFYING fuming orange potion
  7159 | D:9      | 7159 ||| STAIRDANCE
  7296 | D:9      | Reached *** piety under Okawaru
  7297 | D:9      | 7297 ||| INVOKING Heroism.
  7306 | D:9      | HP: 14/57 [gnoll sergeant/+0 heavy spear (7)]
  7307 | D:9      | 7307 ||| READING 2 scrolls of teleportation.
  7307 | D:9      | HP: 5/57 [killer bee (7)]
  7307 | D:9      | HP: 1/57 [centaur/arrow (4)]
  7307 | D:9      | Shot with an arrow by a centaur

Levels and vault maps discovered:
D:1:      mainiacjoe_arrival_reflecting_pool, layout_basic,
          serial_bayou_crossing
D:2:      layout_basic, serial_shops, nicolae_shop_tiny_real_fake_doors, shop,
          nicolae_shop_drivethru
D:3:      layout_basic, overflow_temple_1_default,
          nicolae_overflow_ecumenical_swirl, kennysheep_vampire_church,
          shapermc_ecumenical_altar_ellora, minmay_checkerbox
D:4:      layout_loops_corners, mainiacjoe_overflow_small_starburst,
          nicolae_overflow_crystal_walls, temple_statues, serial_shops,
          shop_coins, gammafunk_ghost_smash, cheibrodos_gnoll_hut
D:5:      kennysheep_spiral_hall, layout_loops_cross,
          nicolae_ru_the_path_less_chosen, slow_altar_2, serial_shops, shop,
          nicolae_sextant, minmay_fractal_squares_5
D:6:      layout_loops_corners, trog_butcher_becter
D:7:      layout_cave_pools
D:8:      layout_cave_pools, nicolae_qazlal_scattered_showers,
          doesnt_xom_only_xom, cheibrodos_ashenzari_chains
D:9:      nicolae_whirlpool, layout_cave_pools, nemelex_diamond_rough_becter,
          gammafunk_ghost_split

Skill      XL: |  1  2  3  4  5  6  7  8  9 10 |
---------------+-------------------------------+-----
Ranged Weapons | 6 7 8 9 10 11 13 16 | 16.0
Fighting       | 2 3 4 |  4.2
Dodging        | 3 4 5 7 |  7.0
Armour         | 1 2 |  2.2
Invocations    | 3 4 |  4.2
Stealth        | |  1.2

Action                     |  1- 3 |  4- 6 |  7- 9 | 10-12 || total
---------------------------+-------+-------+-------+-------++-------
   Fire: Shortbow          |   135 |   136 |   221 |       ||   492
         Orcbow            |       |       |   265 |    55 ||   320
 Invoke: Heroism           |       |       |    13 |     1 ||    14
    Use: Scroll            |     5 |     4 |     7 |     3 ||    19
         Potion            |     1 |       |     3 |       ||     4
 Armour: Ring mail         |    19 |    37 |   146 |    30 ||   232
  Dodge: Dodged            |    45 |    48 |   215 |    93 ||   401

Table legend:
 A = Non-vault XP
 B = Vault XP
 C = Vault XP percentage of total XP
 D = Non-vault monster count
 E = Vault monster count
 F = Vault count percentage of total count
                 A         B        C        D         E       F
            +---------+---------+-------+---------+---------+-------
      Total |    5646 |     886 |  13.6 |     153 |      31 |  16.8
            +---------+---------+-------+---------+---------+-------
        D:1 |      18 |       0 |   0.0 |      11 |       0 |   0.0
        D:2 |      59 |       0 |   0.0 |      22 |       0 |   0.0
        D:3 |     166 |     181 |  52.2 |      16 |      11 |  40.7
        D:4 |     329 |      97 |  22.8 |      13 |       3 |  18.8
        D:5 |     987 |     369 |  27.2 |      19 |      13 |  40.6
        D:6 |     587 |     239 |  28.9 |      13 |       4 |  23.5
        D:7 |    1093 |       0 |   0.0 |      21 |       0 |   0.0
        D:8 |    2083 |       0 |   0.0 |      31 |       0 |   0.0
        D:9 |     324 |       0 |   0.0 |       7 |       0 |   0.0
            +---------+---------+-------+---------+---------+-------
